 Dungeon Crawl Stone Soup version 0.29.1-1-gd02db6906a (webtiles) character file.

Game seed: 4203786215154507802

2688 LustLizard the Grappler (level 9, -1/89 HPs)
             Began as a Troll Fighter on Sept 27, 2022.
             Was a Priest of Wu Jian.
             Slain by an orc
             ... wielding a +0 war axe
              (4 damage)
             ... on level 8 of the Dungeon.
             The game lasted 00:10:56 (5557 turns).

LustLizard the Grappler (Troll Fighter)             Turns: 5557, Time: 00:10:57

Health: -1/89      AC:  5    Str: 32    XL:     9   Next: 38%
Magic:  0/8        EV:  9    Int:  8    God:    Wu Jian [***...]
Gold:   567        SH:  9    Dex: 11    Spells: 8/8 levels left

rFire   . . .      SeeInvis .     - Unarmed
rCold   + . .      Faith    .   b - +0 kite shield
rNeg    . . .      Spirit   +   y - +1 robe of the Plum {rElec rC+ Will+++ Dex+2}
rPois   .          Reflect  .   (helmet restricted)
rElec   +          Harm     .   (no cloak)
rCorr   .          Rampage  .   (gloves unavailable)
Will    +++..                   (boots unavailable)
Stlth   +.........              o - amulet of guardian spirit
HPRegen 1.04/turn               h - +6 ring of strength
MPRegen 0.11/turn               (no ring)

@: lethally poisoned (-1 -> -2)
A: large, unfitting armour, claws 3, regeneration 1, shaggy fur 1, tough skin 1
a: Renounce Religion, Wall Jump, Serpent's Lash


You were on level 8 of the Dungeon.
You worshipped Wu Jian.
Wu Jian was most pleased with you.
You visited 2 branches of the dungeon, and saw 9 of its levels.
You also visited: Ossuary.

You collected 567 gold pieces.

Inventory:

Missiles
 d - 64 stones (quivered)
 B - 4 poisoned darts
 C - 6 javelins
Armour
 a - a +0 robe
 b - a +0 kite shield (worn)
 m - the +0 robe of Fortitude {rElec rN+}
   (You found it on level 2 of the Dungeon)

   rElec:     It insulates you from electricity.
   rN:        It protects you from negative energy.
 y - the +1 robe of the Plum (worn) {rElec rC+ Will+++ Dex+2}
   (You found it on level 6 of the Dungeon)

   Dex:       It affects your dexterity (+2).
   rC:        It protects you from cold.
   rElec:     It insulates you from electricity.
   Will:      It greatly increases your willpower.
Jewellery
 h - a +6 ring of strength (left claw)
 o - an amulet of guardian spirit (around neck)
Wands
 l - a wand of roots (8)
 s - a wand of paralysis (4)
 z - a wand of light (15)
Scrolls
 e - a scroll of enchant armour {unknown}
 f - a scroll of poison {unknown}
 i - 3 scrolls of butterflies {unknown}
 j - a scroll of magic mapping
 k - 2 scrolls of noise {unknown}
 p - 2 scrolls of immolation {unknown}
 q - 2 scrolls of torment {unknown}
 u - a scroll of enchant weapon {unknown}
 w - 3 scrolls of teleportation {unknown}
 x - a scroll of blinking {unknown}
 A - 2 scrolls of silence {unknown}
 E - a scroll of amnesia {unknown}
Potions
 c - 3 potions of might
 g - 3 potions of curing
 n - 4 potions of ambrosia
 r - a potion of brilliance
 t - 5 potions of haste
 v - a potion of degeneration
 D - a potion of magic
 F - 2 potions of heal wounds {unknown}
 G - a potion of lignification {unknown}
 H - a potion of flight {unknown}
 I - a potion of mutation {unknown}


   Skills:
 + Level 5.8 Fighting
 + Level 2.7 Dodging
 + Level 6.4 Shields
 * Level 9.3 Unarmed Combat


You had 8 spell levels left.
You didn't know any spells.
Your spell library contained the following spells:

 Spells                   Type           Power      Damage    Failure   Level
 Necrotise                Necr           0%         1d4       67%         1
 Poisonous Vapours        Pois/Air       0%         N/A       80%         2
 Stone Arrow              Conj/Erth      0%         3d7       95%         3
 Vampiric Draining        Necr           0%         2d6       95%         3
 Animate Armour           Summ/Erth      0%         N/A       100%        4
 Corpse Rot               Necr/Pois/Air  0%         N/A       100%        4
 Agony                    Necr           0%         N/A       100%        5
 Lehudib's Crystal Spear  Conj/Erth      0%         10d2      100%        8


Dungeon Overview and Level Annotations

Branches:
Dungeon (8/15)             Temple (1/1) D:4            Lair (0/5) D:8
Ossuary (visited)

Altars:
Cheibriados
Dithmenos
Elyvilon
Gozag
Hepliaklqana
Kikubaaqudgha
Makhleb
Nemelex Xobeh
Okawaru
Qazlal
Ru
Sif Muna
Trog
Vehumet
Wu Jian
Xom

Portals:
Bailey: D:8


Innate Abilities, Weirdness & Mutations

You are too large for most types of armour.
You have claws for hands.
Your natural rate of healing is unusually fast.
You are covered in fur. (AC +1)
You have tough skin. (AC +1)


Message History

The killer bee stings you.
* * * LOW HITPOINT WARNING * * *
You are lethally poisoned!
The killer bee poisons you!
You feel better.
You feel less invigorated. The killer bee stings you.
* * * LOW HITPOINT WARNING * * *
The killer bee stings you.
* * * LOW HITPOINT WARNING * * *
The orc barely misses you. You block the killer bee's attack.
The killer bee closely misses you.
You feel better. You block the killer bee's attack.
The killer bee stings you but does no damage.
You block the orc's attack. You block the killer bee's attack.
The killer bee barely misses you.
You closely miss the killer bee.
The killer bee is heavily wounded.
You block the killer bee's attack. The killer bee stings you!
* * * LOW HITPOINT WARNING * * *
You are poisoned.
The killer bee poisons you! The orc hits you with a +0 war axe!
* * * LOW HITPOINT WARNING * * *
The killer bee closely misses you. The killer bee stings you.
* * * LOW HITPOINT WARNING * * *
You feel better. The killer bee stings you.
* * * LOW HITPOINT WARNING * * *
You are poisoned.
The killer bee poisons you! The killer bee stings you.
* * * LOW HITPOINT WARNING * * *
The orc hits you with a +0 war axe.
* * * LOW HITPOINT WARNING * * *
The killer bee stings you.
* * * LOW HITPOINT WARNING * * *
The killer bee stings you but does no damage.
You mangle the killer bee!!
You kill the killer bee!
The Council accepts your kill.
You can now briefly move at supernatural speeds.
You feel sick. You block the killer bee's attack.
The orc hits you with a +0 war axe.
You die...

#...............+,,,*,** **,*
#....y.o..#.....#,*,*,* *,,*
#.....y...#.....#,*,*,* **,**
#
#.........#....)#,*,*,***,,*
#
***#...g#*#.....#,,,*,**,,**
#### #....# #.....#**,*,**,**
##.# #....###.....# *,*,**,*
.#.####...).)#####.###...,,,*
......'...##)))o@†o....#,****
#######...######y#.#...#,*
######'.##### #.#.###.#,*
..#...#.....# #.#..,,,..*
>.#.>.#####.# #.####*,*##
..#...# #.# #.# *,* #######
#.# #.# *,* ..#...# #.# #.#
*,* ..#.>.# #.# *,* *,*


You could see a killer bee and 2 orcs.

Vanquished Creatures
  Edmund (D:5)
  An orc warrior (D:7)
  An ice beast (D:5)
  A sky beast (D:6)
  3 black bears (D:5)
  An ogre (D:5)
  A centaur (D:6)
  4 scorpions
  3 necrophages
  3 killer bees (D:8)
  4 howler monkeys (D:7)
  3 jellies
  4 hounds
  8 orc priests
  2 gnoll boudas
  4 iguanas
  6 orc wizards
  8 mummies (Ossuary)
  7 adders
  10 gnolls
  2 white imps
  A worm (D:2)
  5 dart slugs
  29 orcs
  5 ball pythons
  3 bats
  7 endoplasms
  5 giant cockroaches
  A gnoll zombie (Ossuary)
  10 goblins
  5 hobgoblins
  4 jackals
  15 kobolds
  4 quokkas
  9 frilled lizards
  4 hobgoblin zombies (Ossuary)
  A kobold zombie (Ossuary)
  2 orc zombies (Ossuary)
  12 rats
199 creatures vanquished.

Vanquished Creatures (others)
  A fungus (D:2)
  14 plants
15 creatures vanquished.

Grand Total: 214 creatures vanquished

Notes
Turn   | Place    | Note
-------+----------+-------------------------------------------
     0 | D:1      | LustLizard the Troll Fighter began the quest for the Orb.
     0 | D:1      | Reached XP level 1. HP: 22/22 MP: 0/0
    84 | D:1      | Reached XP level 2. HP: 29/29 MP: 1/1
   254 | D:1      | Reached XP level 3. HP: 36/36 MP: 2/2
   427 | D:1      | Reached skill level 3 in Unarmed Combat
   720 | D:2      | Found a faded altar of an unknown god.
   763 | D:2      | Reached XP level 4. HP: 44/44 MP: 3/3
   925 | D:2      | Identified the +0 robe of Fortitude {rElec rN+}
  1102 | D:2      | Identified the +4 whip of Saltpetre {flame, rElec rPois
                  | Str-5 Stlth+}
  1661 | D:3      | Found an opulent altar of Gozag.
  1721 | D:3      | Reached skill level 4 in Unarmed Combat
  1721 | D:3      | Reached XP level 5. HP: 29/53 MP: 2/4
  2289 | D:4      | Reached XP level 6. HP: 26/61 MP: 1/5
  2361 | D:4      | Reached skill level 5 in Unarmed Combat
  2603 | D:4      | Found a staircase to the Ecumenical Temple.
  2680 | Temple   | Entered the Ecumenical Temple
  2745 | Temple   | Became a worshipper of the Wu Jian Council
  2950 | D:4      | Found a snail-covered altar of Cheibriados.
  3174 | D:5      | Entered Level 5 of the Dungeon
  3185 | D:5      | Identified the +2 pair of boots of Resonance {Int+4}
  3377 | D:5      | Noticed Edmund
  3385 | D:5      | Killed Edmund
  3386 | D:5      | Reached XP level 7. HP: 16/68 MP: 2/6
  3475 | D:5      | Reached skill level 6 in Unarmed Combat
  3744 | D:5      | Reached skill level 5 in Shields
  3744 | D:5      | Reached XP level 8. HP: 74/79 MP: 5/7
  3817 | D:5      | Reached skill level 7 in Unarmed Combat
  4036 | D:6      | Identified the +1 robe of the Plum {rElec rC+ Will+++
                  | Dex+2}
  4072 | D:6      | Reached skill level 5 in Fighting
  4141 | D:6      | Reached * piety under Wu Jian
  4155 | D:6      | Reached skill level 8 in Unarmed Combat
  4324 | D:6      | Reached XP level 9. HP: 71/88 MP: 6/8
  4746 | D:7      | Reached ** piety under Wu Jian
  4786 | D:7      | Reached skill level 9 in Unarmed Combat
  5184 | D:8      | Found a sand-covered staircase.
  5256 | Ossuary  | Entered an ossuary
  5477 | D:8      | Found a flagged portal.
  5555 | D:8      | HP: 2/89 [killer bee (6)]
  5557 | D:8      | Reached *** piety under Wu Jian
  5557 | D:8      | Slain by an orc

Illustrated notes

Levels and vault maps discovered:
D:1:      dpeg_arrival_round_c, layout_basic, serial_glass, glass_columns_a,
          glass_columns_b, chequers_serial_rivers_micro_d, minivault_4,
          fountainhead, st_stairs_11
D:2:      layout_loops_corners, dreamdust_ecumenical_altar_grove,
          lexackson_kobold_supper
D:3:      layout_basic, lemuel_doored_altar, glass_columns_a
D:4:      layout_basic, mainiacjoe_overflow_alcove_2,
          minmay_temple_entry_enclosed_plants, nicolae_kite_square_tiling_tiny
D:5:      nicolae_cairo_tiling_large, layout_gridville, uniq_edmund
D:6:      nicolae_cairo_tiling, layout_basic
D:7:      layout_cave_pools
D:8:      layout_basic, dancing_weapons_uskayaw, david_lair_shrubbed,
          nicolae_ossuary_entry_false_entrances, enter_bailey_5
Temple:   eino_temple_water

Skill      XL: |  1  2  3  4  5  6  7  8  9 |
---------------+----------------------------+-----
Shields        | 3 4 5 6 |  6.4
Unarmed Combat | 3 4 5 6 8 9 |  9.3
Fighting       | 3 4 5 |  5.8
Dodging        | |  2.7

Action                   |  1- 3 |  4- 6 |  7- 9 || total
-------------------------+-------+-------+-------++-------
Melee: Unarmed           |    89 |   219 |   259 ||   567
Throw: Dart              |       |       |     2 ||     2
Invok: Lunge             |       |     1 |    30 ||    31
       Whirlwind         |       |       |    25 ||    25
  Use: Scroll            |       |     5 |     3 ||     8
       Potion            |       |       |     5 ||     5
 Stab: Sleeping          |     1 |     1 |       ||     2
Armor: Robe              |    27 |    66 |    64 ||   157
Dodge: Dodged            |    32 |    90 |    79 ||   201
Block: Kite shield       |    35 |    82 |   110 ||   227
